AoeStats
← DannyExp

Arabia

506793996Analyzed
1v1 RM · 18d ago on Sep 15, 2026· 51m 27s· 2 players
Game mode
Random Map
Map size
Tiny (2 player)
Population
200
Speed
Normal
Resources
Standard
Victory
Conquest
Starting age
Dark Age
Ending age
Imperial Age
RankedLock teamsTeams togetherTeam positionsShared explorationLock speedFull tech treeHidden civsTurbo modeCheats
Victory
Defeat
🇧🇴 Chinese · Bolivia
755
+16
🇨🇴 Spanish · Colombia
745
-16
AgeOfCotton
4:21 Loom
9:57 Feudal Age
10:27 Horse Collar
10:46 Double-Bit Axe
21:29 Castle Age
21:47 Scale Barding Armor
21:55 Forging
24:48 Bloodlines
25:02 Chain Barding Armor
25:27 Heavy Plow
28:56 Bow Saw
30:20 Iron Casting
32:05 Fletching
32:42 Bodkin Arrow
33:20 Elite Skirmisher
34:09 Padded Archer Armor
37:56 Leather Archer Armor
42:38 Imperial Age
43:41 Cavalier
45:21 Plate Barding Armor
DannyExp
0:31 Loom
10:05 Feudal Age
10:43 Double-Bit Axe
20:17 Castle Age
22:23 Bow Saw
22:57 Fletching
22:37 Crossbowman
26:37 Thumb Ring
30:05 Ballistics
29:44 Pikeman
36:41 Arson
46:13 Imperial Age
47:28 Heavy Cavalry Archer
48:30 Light Cavalry
49:20 Bloodlines
49:11 Husbandry
Connection lost

Rejoining the realm…

Still unreachable

The connection could not be restored.

Session expired

The server has moved on; the page needs a fresh start.